 Dungeon Crawl Stone Soup version 0.26-a0-682-g294304f6e8 (webtiles) character file.

Game seed: 7692510677551929230

1948 somkeydreadnuts the Fighter (level 9, -13/96 HPs)
             Began as a Gargoyle Fighter on Oct 21, 2020.
             Was a Follower of Trog.
             Mangled by an orc warrior
             ... wielding a +0 battleaxe
              (22 damage)
             ... on level 7 of the Dungeon.
             The game lasted 00:20:08 (5708 turns).

somkeydreadnuts the Fighter (Gargoyle Fighter)      Turns: 5708, Time: 00:20:09

Health: -13/96     AC: 14    Str: 24    XL:     9   Next: 18%
Magic:  9/9        EV:  7    Int:  8    God:    Trog [*.....]
Gold:   485        SH:  9    Dex:  9    Spells: 8/8 levels left

rFire    . . .     SeeInvis .   a - +0 war axe
rCold    + . .     Faith    .   c - +0 kite shield
rNeg     + + .     Spirit   .   B - +1 scale mail of Moral Flaws {rC+ rN+}
rPois    ∞         Reflect  .   (no helmet)
rElec    +         Harm     .   (no cloak)
rCorr    .         Rampage  .   (no gloves)
MR       .....                  (no boots)
Stlth    ..........             (no amulet)
HPRegen  0.26/turn              w - ring of flight
MPRegen  0.11/turn              (no ring)

@: berserking, very quick
A: negative energy resistance 1, electricity resistance, unbreathing,
petrification resistance, rot immunity, AC +6
a: Berserk, Renounce Religion, Evoke Flight


You were on level 7 of the Dungeon.
You worshipped Trog.
Trog was aware of your devotion.
You visited 1 branch of the dungeon, and saw 7 of its levels.

You collected 485 gold pieces.

Inventory:

Hand Weapons
 a - a +0 war axe (weapon)
 i - a +0 short sword
 y - a +0 battleaxe
Missiles
 m - 219 stones (quivered)
Armour
 c - a +0 kite shield (worn)
 B - the +1 scale mail of Moral Flaws (worn) {rC+ rN+}
   (You found it on level 5 of the Dungeon)

   It protects you from cold.
   It protects you from negative energy.
Jewellery
 b - an uncursed amulet of guardian spirit {unknown}
 w - a ring of flight (left hand)
Scrolls
 e - 5 scrolls of blinking {unknown}
 g - 2 scrolls of amnesia {unknown}
 h - 6 scrolls of identify {unknown}
 j - 5 scrolls of remove curse {unknown}
 l - 2 scrolls of enchant armour {unknown}
 q - 3 scrolls of teleportation {unknown}
 r - 5 scrolls of magic mapping {unknown}
 u - 2 scrolls of fear {unknown}
 x - a scroll of random uselessness {unknown}
 A - a scroll of enchant weapon {unknown}
Potions
 d - 2 potions of might
 f - a potion of berserk rage {unknown}
 k - 2 potions of flight {unknown}
 n - a potion of stabbing {unknown}
 o - 2 potions of heal wounds {unknown}
 p - a potion of curing {unknown}
 s - a potion of degeneration {unknown}
 v - a potion of haste {unknown}
 z - 3 potions of lignification {unknown}


   Skills:
 + Level 11.6 Fighting
 - Level 4.7 Axes
 - Level 3.4 Armour
 + Level 1.9 Stealth
 - Level 3.3 Shields


You had 8 spell levels left.
You didn't know any spells.
Your spell library was empty.

Dungeon Overview and Level Annotations

Branches:
Dungeon (7/15)             Temple (0/1) D:5

Altars:
Makhleb
Trog
Uskayaw

Shops:
D:5 *   D:7 [


Innate Abilities, Weirdness & Mutations

You are resistant to torment.
Your stone body is resilient. (AC +6)
You are immune to poison.
You resist negative energy. (rN+)
You are resistant to electric shocks. (rElec)
You can survive without breathing.
You are immune to petrification.
You are immune to rotting.


Message History

* * * LOW HITPOINT WARNING * * *
The orc hits you but does no damage.
A red film seems to cover your vision as you go berserk!
You feel yourself moving faster!
You feel mighty!
The orc warrior hits you with a +0 battleaxe!
* * * LOW HITPOINT WARNING * * *
You block the orc's attack.
You closely miss the orc.
The orc is moderately wounded.
You hit the orc warrior. The orc hits you but does no damage.
Unknown command.
You slice the orc!!
You kill the orc!
Trog accepts your kill.
You barely miss the orc warrior. You block the orc warrior's attack.
You slash the hound skeleton!
The hound skeleton is heavily damaged.
You slash the orc warrior! You block the hound skeleton's attack.
The orc warrior hits you with a +0 battleaxe!!
You die...

.. #...###...####
... .....#.......
.... ..#.#.......
.....♣.#.#.......
♣.∩.♣.#.......
#..♣.<....(....
.............>...
#.#....##.##.....
#.... #o@# ...#
#.### ##Z# ..# #.
#... .# # ......
# ##...... ...#..
#..# . ..#


You could see an orc warrior and a hound skeleton.

Vanquished Creatures
  A water moccasin (D:6)
  2 sky beasts (D:6)
  3 centaurs (D:6)
  Blork the orc (D:5)
  4 bullfrogs
  A scorpion (D:6)
  A howler monkey (D:5)
  5 wights (D:6)
  A centaur zombie (D:6)
  A jelly (D:5)
  3 hounds
  5 orc wizards
  2 orc priests
  7 worker ants
  A hound skeleton (D:4)
  7 adders
  4 shadow imps
  An ufetubus (D:7)
  3 adder skeletons (D:4)
  3 worms
  4 dart slugs
  3 leopard geckos
  18 orcs
  8 bats
  9 giant cockroaches
  12 goblins
  10 hobgoblins
  10 jackals
  3 quokkas
  A ball python (D:5)
  A ball python skeleton (D:5)
  4 frilled lizards
  10 kobolds
  A leopard gecko skeleton (D:4)
  A quokka zombie (D:7)
  8 rats
159 creatures vanquished.

Vanquished Creatures (others)
  A sky beast (D:6)
  A giant cockroach (D:2)
  10 plants (D:3)
12 creatures vanquished.

Grand Total: 171 creatures vanquished

Notes
Turn   | Place    | Note
-------+----------+-------------------------------------------
     0 | D:1      | somkeydreadnuts the Gargoyle Fighter began the quest for
                  | the Orb.
     0 | D:1      | Reached XP level 1. HP: 14/14 MP: 1/1
   244 | D:1      | Reached XP level 2. HP: 15/19 MP: 2/2
   786 | D:1      | Reached XP level 3. HP: 22/24 MP: 3/3
  1097 | D:2      | Reached skill level 4 in Fighting
  1459 | D:2      | Reached XP level 4. HP: 29/29 MP: 4/4
  1659 | D:2      | Found a burning altar of Makhleb.
  2010 | D:3      | Reached XP level 5. HP: 34/34 MP: 5/5
  2413 | D:3      | Found a hide-covered altar of Uskayaw.
  2725 | D:4      | Reached XP level 6. HP: 26/40 MP: 6/6
  2870 | D:4      | Reached skill level 5 in Fighting
  3125 | D:4      | Reached skill level 6 in Fighting
  3204 | D:4      | Reached XP level 7. HP: 38/47 MP: 7/7
  3292 | D:4      | Found a bloodstained altar of Trog.
  3301 | D:4      | Became a worshipper of Trog the Wrathful
  3547 | D:5      | Entered Level 5 of the Dungeon
  3554 | D:5      | Noticed Blork the orc
  3563 | D:5      | Killed Blork the orc
  3563 | D:5      | Reached skill level 7 in Fighting
  3654 | D:5      | Found Doegh's Assorted Antiques.
  3842 | D:5      | Got a faintly glowing scale mail
  3882 | D:5      | Identified the +1 scale mail of Moral Flaws {rC+ rN+} (You
                  | found it on level 5 of the Dungeon)
  4138 | D:5      | Found a staircase to the Ecumenical Temple.
  4260 | D:6      | Reached skill level 8 in Fighting
  4278 | D:6      | Reached XP level 8. HP: 21/55 MP: 8/8
  4548 | D:6      | Reached skill level 9 in Fighting
  4883 | D:6      | Reached * piety under Trog
  4883 | D:6      | Reached skill level 10 in Fighting
  4892 | D:6      | Reached skill level 1 in Stealth
  5096 | D:6      | Reached skill level 11 in Fighting
  5240 | D:6      | Reached XP level 9. HP: 57/64 MP: 9/9
  5513 | D:6      | Found a bloodstained altar of Trog.
  5687 | D:7      | Found Ecwoni's Antique Armour Boutique.
  5708 | D:7      | Mangled by an orc warrior

Illustrated notes

Levels and vault maps discovered:
D:1:      enne_arrival_octagon_isle, layout_basic, serial_bayou_pond_e,
          hangedman_abyss_or_decor_stabs, minmay_unequal
D:2:      layout_loops_ring, makhleb_blood_cavern_becter, lemuel_old_faithful
D:3:      layout_loops_ring, lemuel_doored_altar, serial_bayou,
          serial_bayou_pond_b, serial_bayou_pond_d, serial_bayou_pond_a,
          serial_bayou_shore_a
D:4:      layout_cave_pools, lemuel_round_altar
D:5:      layout_gridville, lemuel_temple_firewalk_b, serial_glass,
          glass_columns_b, glass_columns_b, glass_columns_b, glass_columns_a,
          glass_columns_b, glass_columns_a, glass_columns_a, glass_columns_c,
          serial_shops, shop_statue, uniq_blork_the_orc
D:6:      layout_loops_ring, dk_noncrumbling_4, trog_hazing_becter
D:7:      layout_basic, nicolae_overflow_hidden_temple, serial_shops,
          nicolae_shop_window_shopping, nicolae_shop_statue_plus,
          nicolae_shop_trees, shop, kennysheep_mini_moat, grunt_potential

Skill      XL: |  1  2  3  4  5  6  7  8 |
---------------+-------------------------+-----
Axes           | 2 3 4 |  4.7
Fighting       | 4 6 8 11 | 11.6
Stealth        | 1 |  1.9
Armour         | |  3.4
Shields        | |  3.3

Action                   |  1- 3 |  4- 6 |  7- 9 || total
-------------------------+-------+-------+-------++-------
Melee: War axe           |   101 |   223 |   253 ||   577
Invok: Berserk           |       |       |     1 ||     1
Armor: Scale mail        |    61 |   118 |   129 ||   308
       Plate armour      |       |   104 |    48 ||   152
Dodge: Dodged            |    41 |    91 |    66 ||   198
Block: Kite shield       |    71 |   169 |   133 ||   373

Table legend: (Time is in decaauts)
 A = Elapsed time spent in this place.
 B = Non-inter-level travel time spent in this place.
 C = Inter-level travel time spent in this place.
 D = Time resting spent in this place.
 E = Time spent auto-exploring this place.
 F = Levels seen in this place.
 G = Mean time per level.
                   A        B        C        D        E       F      G
               +--------+--------+--------+--------+--------+-----+--------+
         Total |   5968 |   5968 |      0 |      0 |   3607 |   7 |  852.6 |
       Dungeon |   5968 |   5968 |      0 |      0 |   3607 |   7 |  852.6 |
               +--------+--------+--------+--------+--------+-----+--------+

Top non-repeatable levels by time:
     D:6: 1542 daAuts
     D:1: 1112 daAuts
     D:2: 907 daAuts
     D:4: 884 daAuts
     D:3: 822 daAuts
     D:5: 674 daAuts
     D:7: 24 daAuts
